 Dungeon Crawl Stone Soup version 0.29.1-1-gd02db6906a (webtiles) character file.

Game seed: 2076789380243846381

87 Zeld the Chopper (level 4, -3/40 HPs)
             Began as a Minotaur Berserker on Oct 11, 2022.
             Was a Believer of Trog.
             Slain by a gnoll
             ... wielding a +1 spear of venom
              (5 damage)
             ... on level 3 of the Dungeon.
             The game lasted 00:01:23 (2126 turns).

Zeld the Chopper (Minotaur Berserker)               Turns: 2126, Time: 00:01:24

Health: -3/40      AC:  3    Str: 23    XL:     4   Next: 28%
Magic:  3/3        EV: 12    Int:  4    God:    Trog [**....]
Gold:   142        SH:  0    Dex: 10    Spells: 3/3 levels left

rFire   . . .      SeeInvis .   a - +0 hand axe (flame)
rCold   . . .      Faith    .   (no shield)
rNeg    . . .      Spirit   .   b - +0 animal skin
rPois   .          Reflect  .   (helmet restricted)
rElec   .          Harm     .   (no cloak)
rCorr   .          Rampage  .   g - +0 pair of gloves
Will    .....                   (no boots)
Stlth   +.........              (no amulet)
HPRegen 0.13/turn               (no ring)
MPRegen 0.08/turn               (no ring)

@: brilliant, lethally poisoned (-3 -> -35)
A: horns 2, retaliatory headbutt
a: Renounce Religion, Berserk, Trog's Hand


You were on level 3 of the Dungeon.
You worshipped Trog.
Trog was pleased with you.
You visited 1 branch of the dungeon, and saw 3 of its levels.

You collected 142 gold pieces.

Inventory:

Hand Weapons
 a - a +0 hand axe of flaming (weapon)
Armour
 b - a +0 animal skin (worn)
 g - a +0 pair of gloves (worn)
Wands
 r - a wand of mindburst (13)
Scrolls
 f - a scroll of enchant armour {unknown}
 h - 2 scrolls of vulnerability {unknown}
 i - 2 scrolls of fear {unknown}
 j - a scroll of noise {unknown}
 l - a scroll of blinking {unknown}
 m - a scroll of identify {unknown}
 n - a scroll of torment {unknown}
 o - 2 scrolls of teleportation {unknown}
 p - a scroll of immolation {unknown}
Potions
 c - a potion of curing {unknown}
 d - a potion of brilliance
 e - a potion of mutation {unknown}
 k - a potion of berserk rage {unknown}
 q - a potion of heal wounds {unknown}


   Skills:
 + Level 4.2 Fighting
 * Level 4.8 Axes
 + Level 3.2 Armour
 + Level 3.0 Dodging


You had 3 spell levels left.
You didn't know any spells.
Your spell library was empty.

Dungeon Overview and Level Annotations

Branches:
Dungeon (3/15)

Altars:


Innate Abilities, Weirdness & Mutations

You have a pair of horns on your head.
You reflexively headbutt those who attack you in melee.


Message History

A goblin comes into view. It is wielding a +0 dagger.
The goblin shouts!
You hear a shout!
No target in view!
A goblin and a gnoll come into view.
The gnoll is wielding a +1 spear of venom.
The gnoll shouts!
You hear a shout! x3
There are monsters nearby!
Found a scroll labelled ZARPHEH XOYP.
A gnoll comes into view. It is wielding a +0 flail.
There are monsters nearby!
A gnoll comes into view. It is wielding a +0 club.
The goblin closely misses you.
You barely miss the goblin. The goblin hits you with a +0 dagger.
You closely miss the goblin.
The gnoll hits you from afar with a +1 spear of venom!
You are poisoned.
The goblin hits you but does no damage.
You barely miss the goblin.
The gnoll shouts!
Your headbutt misses the goblin.
You feel very sick.
A goblin comes into view. It is wielding a +0 dagger.
The gnoll hits you from afar with a +1 spear of venom.
You are lethally poisoned!
The goblin hits you but does no damage. The goblin attacks as you move away!
The goblin hits you but does no damage.
You feel very sick.
The goblin shouts!
The gnoll hits you from afar with a +1 spear of venom!
* * * LOW HITPOINT WARNING * * *
You are more poisoned.
A gnoll comes into view. It is wielding a +0 spear.
Okay, then.
Okay, then.
It was a potion of brilliance.
You feel clever all of a sudden.
* * * LOW HITPOINT WARNING * * *
You feel extremely sick.
The gnoll hits you from afar with a +1 spear of venom.
You die...

..........# #..#
#....#)# ..........#
#..# #....#.#
###<##....# #..#
#....#.# #.##....# #..#
####...# #.##....## #..#
##..# #.##...... ...#
#..# #.##....#####.#
#..#
#.##.#........########..
#.##.#.#######@.g..#
#........# #g.g..#
####.#.#.# #.....g.g.g
#.#.#.# #.#.....###
#.#.#.# #.#.....#
..#.#.. . ......#
#.#.#.#?# #.....#
........ #.##### #######
#.#


You could see 4 gnolls and 2 goblins.

Vanquished Creatures
  Robin (D:2)
  An adder (D:3)
  2 dart slugs
  An orc (D:3)
  5 ball pythons
  7 endoplasms
  5 giant cockroaches
  7 goblins
  9 hobgoblins
  9 kobolds
  2 quokkas
  2 bats
  2 frilled lizards
  A rat (D:1)
54 creatures vanquished.

Notes
Turn   | Place    | Note
-------+----------+-------------------------------------------
     0 | D:1      | Zeld the Minotaur Berserker began the quest for the Orb.
     0 | D:1      | Reached XP level 1. HP: 19/19 MP: 0/0
   209 | D:1      | Reached XP level 2. HP: 23/27 MP: 1/1
   251 | D:1      | Found a faded altar of an unknown god.
   909 | D:1      | Reached XP level 3. HP: 31/33 MP: 2/2
  1178 | D:2      | Noticed Robin
  1186 | D:2      | Killed Robin
  1315 | D:2      | Reached ** piety under Trog
  1320 | D:2      | Identified the +2 ring mail of Inykliwi {rCorr Int-5 Dex+4}
  1579 | D:2      | Reached XP level 4. HP: 40/40 MP: 3/3
  2126 | D:3      | HP: 2/40 [poisoned by a gnoll]
  2126 | D:3      | Slain by a gnoll

Illustrated notes

Levels and vault maps discovered:
D:1:      matt_arrival_spirals, layout_rooms,
          hellmonk_ecumenical_altar_pennies_from_heaven, roderic_roman_lattice
D:2:      layout_basic, uniq_robin
D:3:      layout_basic, uniq_ijyb

Skill      XL: |  1  2  3  4 |
---------------+-------------+-----
Axes           | 4 |  4.8
Fighting       | 4 |  4.2
Armour         | 3 |  3.2
Dodging        | 3 |  3.0

Action                   |  1- 3 |  4- 6 || total
-------------------------+-------+-------++-------
Melee: Hand axe          |    82 |    13 ||    95
       Headbutt          |     5 |       ||     5
  Use: Potion            |       |     1 ||     1
 Stab: Sleeping          |     1 |       ||     1
Armor: Animal skin       |    16 |     7 ||    23
Dodge: Dodged            |    59 |     8 ||    67
